 Dungeon Crawl Stone Soup version 0.23-a0-87-g5f73bc1 (console) character file.

95 swinepaste the Magician (level 4, 0/24 HPs)
             Began as a Deep Elf Fire Elementalist on Aug 15, 2018.
             Killed by divine providence
             ... invoked by an orc priest
              (10 damage)
             ... on level 3 of the Dungeon.
             The game lasted 00:04:56 (2149 turns).

swinepaste the Magician (DEFE)                      Turns: 2149, Time: 00:04:56

Health: 0/24       AC:  2    Str:  5    XL:     4   Next: 40%
Magic:  4/12       EV: 13    Int: 21    God:
Gold:   58         SH:  3    Dex: 15    Spells: 2/12 levels left

rFire    . . .     SeeInvis .   b - +1 dagger
rCold    . . .     Gourm    .   (no shield)
rNeg     . . .     Faith    .   a - +0 robe
rPois    .         Spirit   .   (no helmet)
rElec    .         Reflect  +   (no cloak)
rCorr    .         Harm     .   (no gloves)
MR       .....                  (no boots)
Stlth    ++........             e - +3 amulet of reflection
HPRegen  0.08/turn              (no ring)
MPRegen  0.13/turn              (no ring)

@: very slightly contaminated
A: no striking features
a: no special abilities


You were on level 3 of the Dungeon.
You were not hungry.

You visited 1 branch of the dungeon, and saw 3 of its levels.

You collected 58 gold pieces.

Inventory:

Hand Weapons
 b - a +1 dagger (weapon)
Armour
 a - a +0 robe (worn)
Jewellery
 e - a +3 amulet of reflection (around neck)
Scrolls
 f - a scroll of enchant weapon
Potions
 g - 4 potions of curing
 h - a potion of agility {unknown}
 i - a potion of mutation {unknown}
 j - a potion of resistance {unknown}
Comestibles
 c - 3 rations
 d - 4 chunks of flesh


   Skills:
 - Level 2.4 Dodging
 - Level 2.4 Stealth
 + Level 4.9 Spellcasting
 - Level 2.4 Conjurations
 - Level 4.0 Fire Magic


You had 2 spell levels left.
You knew the following spells:

 Your Spells              Type           Power        Failure   Level  Hunger
c - Conjure Flame         Conj/Fire      ###.....     9%          3    ##.....
f - Flame Tongue          Conj/Fire      ###..        2%          1    None
s - Sticky Flame          Conj/Fire      ###.....     28%         4    ####...
t - Throw Flame           Conj/Fire      ###...       4%          2    None

Your spell library contained the following spells:

 Spells                   Type           Power        Failure   Level  Hunger
 Fireball                 Conj/Fire      ###.......   61%         5    #####..
 Inner Flame              Hex/Fire       ##......     14%         3    ##.....


Dungeon Overview and Level Annotations

Branches:
Dungeon (3/15)

Altars:


Message History

You miscast Sticky Flame.
You are very lightly contaminated with residual magic.
You feel a strange surge of energy!
The orc priest invokes the aid of Beogh against you.
You barely resist.
Casting: Sticky Flame (quite dangerous; 28% risk of failure)
Confirm with . or Enter, or press ? or * to list all spells.
Aiming: Sticky Flame (quite dangerous; 28% risk of failure)
Press: ? - help, Shift-Dir - straight line, f/p - orc priest
Aim: an orc priest, wielding a hand axe and wearing a ring mail The sticky flame hits the orc priest.
The orc priest appears unharmed.
The orc priest is covered in liquid flames!
The orc priest burns!
The orc priest mumbles some strange prayers to Beogh against you.
Beogh smites you!
Ouch! That really hurt!
The orc priest burns!
The orc priest invokes the aid of Beogh against you.
Beogh smites you!
You die...

### ##. #.. ... #.#
#.# #.# #.# .
#.####.##o.
#.##......>
#.##.....##
##########'##......#
#.oe.<#.)...#......#
#)#####.....o.......
#.# #.....(.#......#
#.###.#.....#.#.##.#
#...o.#.....#.#.# .#
#######.....#.#.. #
#.....#.####
#.....#.# #.....#.#


You could see an orc priest (burning).

Vanquished Creatures
  An orc wizard (D:3)
  An adder (D:2)
  A worm (D:2)
  A dart slug (D:1)
  A leopard gecko (D:1)
  2 orcs (D:3)
  7 bats
  2 giant cockroaches (D:2)
  7 goblins
  3 hobgoblins
  7 jackals (D:1)
  8 kobolds
  A quokka (D:2)
  A ball python (D:2)
  A frilled lizard (D:1)
  2 rats (D:1)
46 creatures vanquished.

Notes
Turn   | Place    | Note
-------+----------+-------------------------------------------
     0 | D:1      | swinepaste the Deep Elf Fire Elementalist began the quest for the Orb.
     0 | D:1      | Reached XP level 1. HP: 10/10 MP: 6/6
    67 | D:1      | Reached XP level 2. HP: 15/15 MP: 0/8
    79 | D:1      | Learned a level 2 spell: Throw Flame
   848 | D:1      | Reached XP level 3. HP: 19/19 MP: 6/9
   853 | D:1      | Learned a level 3 spell: Conjure Flame
  1941 | D:3      | Reached XP level 4. HP: 23/24 MP: 3/12
  2124 | D:3      | Learned a level 4 spell: Sticky Flame
  2149 | D:3      | Killed from afar by an orc priest

Vault maps used:
D:1:      minmay_arrival_stone_box
D:3:      chequers_ecumenical_altar_lobes

Skill      XL: |  1  2  3 |
---------------+----------+-----
Conjurations   | 2 |  2.4
Fire Magic     | 4 |  4.0
Spellcasting   | 4 |  4.9
Dodging        | |  2.4
Stealth        | |  2.4

Action                   |  1- 3 |  4- 6 || total
-------------------------+-------+-------++-------
Melee: Dagger            |    33 |       ||    33
 Cast: Flame Tongue      |    41 |     2 ||    43
       Throw Flame       |    33 |       ||    33
       Sticky Flame      |       |     1 ||     1
  Use: Scroll            |     4 |       ||     4
 Stab: Sleeping          |     1 |       ||     1
  Eat: Chunk             |     3 |     2 ||     5
Armor: Robe              |    12 |       ||    12
Dodge: Dodged            |    39 |       ||    39
Block: Other             |    10 |       ||    10

Table legend:
 A = Non-vault XP
 B = Vault XP
 C = Vault XP percentage of total XP
 D = Non-vault monster count
 E = Vault monster count
 F = Vault count percentage of total count
 G = Total turns spent on level
                 A         B        C        D         E       F
            +---------+---------+-------+---------+---------+-------
      Total |     137 |       0 |   0.0 |      46 |       0 |   0.0
            +---------+---------+-------+---------+---------+-------
        D:1 |      44 |       0 |   0.0 |      25 |       0 |   0.0
        D:2 |      45 |       0 |   0.0 |      17 |       0 |   0.0
        D:3 |      48 |       0 |   0.0 |       4 |       0 |   0.0
            +---------+---------+-------+---------+---------+-------
